Map: Proxima Station LE

Players

Nerchio - Winner!

  • Race: Zerg Zerg
  • Spawn Location: 7:00

Kelazhur

  • Race: Terran Terran
  • Spawn Location: 1:00

Event: WCS Austin 2017

VOD

Have the link to the VOD?

Description

Time

  • Played on: April 29, 2017, 10:45 p.m.
  • Length: 20:21

All games in this series

Show
View Real Time Build Order
Export as new Build Order

Nerchio Zerg - Winner!

Build Orders: Hatch First 

Get SALT Encoding   

  12  0:00  Drone  
  13  0:12  Overlord  
  13  0:17  Drone  
  14  0:31  Drone x2  
  14  0:34  Drone  
  17  0:52  Hatchery  
  17  0:55  Drone  
  17  0:59  Drone  
  18  1:04  Extractor  
  17  1:14  Spawning Pool  
  17  1:17  Drone  
  17  1:21  Drone  
  18  1:28  Drone  
  19  1:38  Overlord  
  19  1:50  Drone  
  20  2:01  Queen, Zergling x2  
  22  2:04  Queen  
  22  2:05  Metabolic Boost  
  25  2:09  Zergling x2  
  26  2:16  Spine Crawler  
  26  2:18  Zergling x2  
  26  2:21  Drone  
  28  2:23  Drone  
  28  2:26  Drone  
  30  2:32  Drone, Spore Crawler  
  30  2:36  Drone  
  31  2:40  Queen  
  34  2:44  Overlord  
  34  2:47  Drone  
  35  2:54  Drone  
  36  3:04  Drone  
  37  3:07  Drone x2  
  37  3:08  Drone x2  
  37  3:09  Drone  
  37  3:11  Overlord  
  37  3:12  Drone  
  43  3:13  Drone  
  44  3:26  Hatchery  
  43  3:32  Roach Warren  
  43  3:34  Drone  
  43  3:35  Drone  
  43  3:38  Drone  
  43  3:39  Drone  
  43  3:40  Drone  
  47  3:42  Drone  
  47  3:45  Drone  
  49  3:51  Lair, Extractor  
  49  3:53  Drone  
  49  3:55  Drone  
  50  3:56  Drone, Extractor  
  50  4:02  Overlord  
  50  4:03  Overlord  
  50  4:06  Drone x2  
  52  4:10  Overlord, Extractor  
  52  4:13  Zergling x2  
  52  4:19  Overlord  
  52  4:22  Roach x2  
  52  4:23  Spore Crawler  
  55  4:27  Roach  
  55  4:32  Roach x2  
  55  4:36  Spore Crawler  
  58  4:44  Drone x2  
  56  4:46  Drone x2  
  56  4:51  Drone x4  
  60  4:54  Drone  
  60  4:57  Glial Reconstitution  
  61  5:01  Drone  
  61  5:02  Drone  
  61  5:05  Drone  
  64  5:08  Queen  
  66  5:15  Drone x4  
  66  5:18  Drone x2  
  72  5:22  Drone  
  72  5:23  Spore Crawler  
  72  5:29  Drone  
  72  5:30  Evolution Chamber  
  72  5:32  Infestation Pit  
  72  5:34  Drone x4  
  72  5:35  Drone  
  76  5:42  Drone  
  72  5:43  Drone  
  72  5:45  Drone  
  72  5:48  Drone x3  
  72  5:49  Drone  
  78  5:54  Extractor x2  
  76  5:57  Drone  
  76  5:59  Overlord  
  77  6:04  Zerg Ground Armor Level 1  
  77  6:06  Overlord  
  77  6:07  Hatchery  
  77  6:11  Overlord  
  76  6:16  Infestor x2  
  80  6:20  Drone x3  
  80  6:21  Evolution Chamber  
  79  6:27  Drone x2, Hive  
  79  6:30  Drone  
  79  6:32  Drone  
  76  6:33  Drone  
  76  6:37  Queen  
  79  6:41  Drone x2  
  79  6:45  Roach x2  
  85  6:48  Roach  
  85  6:52  Roach  
  85  6:53  Roach  
  91  6:56  Ravager  
  91  6:57  Ravager  
  91  6:58  Roach x2  
  91  7:00  Overlord  
  97  7:03  Overlord  
  97  7:06  Overlord  
  97  7:08  Overlord  
  97  7:10  Overlord  
  97  7:13  Overlord  
  97  7:16  Zerg Melee Weapons Level 1  
  97  7:17  Overlord  
  98  7:22  Drone  
  98  7:23  Drone  
  98  7:26  Roach x4  
  106  7:31  Roach x2  
  106  7:33  Roach x2  
  107  7:37  Drone x2  
  107  7:38  Drone  
  107  7:41  Drone x2  
  110  7:48  Drone  
  110  7:49  Drone x4  
  111  7:56  Roach x3  
  112  8:00  Drone x2  
  112  8:01  Drone x3  
  112  8:04  Infestor  
  119  8:11  Ultralisk Cavern  
  118  8:15  Zerg Ground Armor Level 2  
  118  8:18  Burrow  
  118  8:19  Drone  
  117  8:20  Drone  
  117  8:24  Ravager  
  117  8:25  Ravager  
  120  8:27  Queen  
  120  8:33  Drone x5  
  127  8:41  Roach  
  127  8:42  Roach x5  
  127  8:47  Overlord  
  139  8:54  Drone x2  
  139  8:55  Overlord x2  
  138  8:57  Chitinous Plating  
  138  8:59  Ultralisk  
  143  9:06  Extractor, Ultralisk  
  143  9:09  Overlord  
  148  9:12  Ravager x4  
  148  9:14  Zergling x8  
  156  9:17  Zergling x8  
  156  9:21  Zergling x2  
  156  9:22  Zergling x6  
  164  9:24  Zergling x2  
  164  9:30  Spire  
  162  9:31  Extractor  
  162  9:32  Drone x3  
  162  9:36  Queen  
  166  9:47  Ultralisk x2  
  166  9:49  Zergling x2  
  166  9:50  Zergling x2  
  175  9:58  Ultralisk  
  181  10:02  Ultralisk  
  181  10:04  Zergling x4  
  169  10:17  Drone x2  
  169  10:19  Ultralisk  
  170  10:27  Zergling x4  
  170  10:28  Zergling x18  
  170  10:31  Infestor  
  170  10:32  Infestor  
  162  10:37  Queen, Extractor  
  162  10:38  Queen  
  165  10:43  Queen  
  165  10:48  Zerg Ground Armor Level 3  
  167  10:52  Zergling x2  
  167  10:53  Zergling x8  
  171  10:59  Spore Crawler  
  171  11:01  Infestor  
  171  11:09  Overlord  
  171  11:11  Corruptor  
  171  11:12  Corruptor x2  
  171  11:15  Zergling x12  
  183  11:23  Overlord x2  
  183  11:28  Zergling x12  
  188  11:37  Drone x4  
  189  11:43  Corruptor x3  
  195  11:51  Hatchery  
  191  11:55  Corruptor x2  
  191  11:59  Corruptor  
  185  12:18  Zerg Melee Weapons Level 2  
  185  12:22  Corruptor x2  
  185  12:23  Hatchery  
  185  12:26  Overlord  
  188  12:30  Roach Warren  
  187  12:40  Zergling x14  
  194  12:47  Corruptor  
  194  12:48  Zergling x4  
  196  13:06  Greater Spire  
  196  13:08  Zergling x2  
  196  13:09  Zergling x4  
  199  13:13  Overlord  
  199  13:17  Pneumatized Carapace  
  199  13:25  Spore Crawler  
  199  13:26  Spore Crawler  
  197  13:55  Baneling Nest  
  197  13:57  Hatchery  
  195  14:09  Hatchery  
  193  14:27  Zergling x14  
  195  14:50  Brood Lord x3  
  195  14:51  Brood Lord  
  198  15:06  Hatchery  
  198  15:07  Brood Lord x3  
  198  15:11  Corruptor  
  199  15:16  Baneling  
  199  15:17  Spire, Baneling x6  
  194  15:34  Corruptor x3  
  188  15:51  Zergling x4  
  188  15:52  Zergling x20  
  200  16:03  Spore Crawler  
  199  16:04  Spore Crawler  
  197  16:12  Zerg Melee Weapons Level 3  
  196  16:22  Spine Crawler  
  196  16:23  Spine Crawler, Corruptor x3  
  196  16:24  Baneling  
  196  16:25  Baneling x23  
  200  16:44  Zerg Flyer Armor Level 1  
  190  16:48  Extractor  
  186  16:55  Zergling x24  
  190  17:08  Corruptor x8  
  180  17:15  Corruptor x5  
  185  17:16  Corruptor  
  185  17:20  Zergling x6  
  185  17:21  Zergling x2  
  166  17:31  Zergling x10  
  165  17:37  Zergling x6  
  157  18:00  Zergling x14  
  157  18:02  Drone x8  
  156  18:10  Drone x7  
  156  18:16  Drone x2  
  158  18:23  Drone x2  
  158  18:24  Drone  
  161  18:36  Ultralisk  
  167  18:47  Ultralisk  
  169  19:00  Ultralisk  
  167  19:05  Ultralisk  
  173  19:16  Zergling x2  
  175  19:17  Zergling x16  
  182  19:36  Zergling x2  
  182  19:37  Zergling x14  
  190  19:43  Baneling x3  
  190  19:44  Baneling x8  
  190  19:45  Baneling  
  190  19:46  Baneling  
  190  19:48  Baneling  
  190  19:49  Baneling x4  
  190  19:51  Hatchery  
  189  19:53  Zergling x6  
  189  19:56  Zergling x4  
  186  20:02  Zergling x8  
Show
View Real Time Build Order
Export as new Build Order

Kelazhur Terran 

Build Orders: Hellion Opening, Reaper Expand, MMM Bio 

Get SALT Encoding   

  12  0:00  SCV  
  14  0:17  Supply Depot  
  13  0:21  SCV  
  13  0:24  Refinery  
  14  0:33  SCV  
  15  0:41  Barracks  
  15  0:46  SCV  
  16  0:58  SCV  
  17  1:10  SCV  
  18  1:27  Orbital Command  
  18  1:28  Reaper  
  19  1:43  Command Center  
  19  1:53  SCV  
  20  1:59  Factory  
  20  2:02  Barracks Reactor  
  20  2:05  SCV  
  21  2:09  Refinery  
  21  2:17  SCV  
  22  2:24  Supply Depot  
  22  2:29  SCV  
  23  2:45  Starport, SCV  
  23  2:49  Hellion  
  23  2:50  Hellion  
  28  2:53  Barracks Tech Lab  
  28  2:59  Orbital Command  
  28  3:04  SCV  
  31  3:13  Hellion x2  
  31  3:16  SCV  
  34  3:30  Raven  
  34  3:31  Marine  
  34  3:32  SCV x2  
  39  3:41  Supply Depot  
  39  3:44  SCV x2  
  39  3:47  Hellion  
  39  3:48  Hellion  
  45  3:56  SCV  
  45  4:01  SCV  
  46  4:08  Supply Depot, SCV  
  47  4:13  SCV  
  47  4:15  Raven  
  50  4:19  Command Center  
  50  4:20  SCV  
  51  4:25  SCV  
  52  4:32  SCV  
  52  4:37  SCV  
  54  4:44  SCV  
  53  4:49  SCV  
  53  4:52  Barracks Tech Lab  
  50  4:55  Factory Reactor  
  50  4:56  SCV  
  50  4:57  Barracks  
  50  4:59  Barracks  
  51  5:02  SCV  
  52  5:08  Engineering Bay, SCV  
  52  5:09  Engineering Bay  
  52  5:12  Viking  
  52  5:13  Supply Depot, Marine  
  52  5:14  Stimpack, SCV  
  57  5:20  SCV  
  58  5:23  Supply Depot  
  58  5:26  SCV  
  59  5:31  Marine  
  59  5:33  SCV  
  62  5:38  SCV  
  63  5:43  Terran Infantry Armor Level 1, Terran Infantry Weapons Level 1, Orbital Command  
  63  5:45  Starport Reactor, SCV  
  63  5:47  Barracks x2  
  63  5:50  SCV  
  63  5:52  Marine x2  
  63  5:53  Supply Depot, Marine x2  
  63  5:54  Marine  
  69  5:57  Refinery, SCV  
  69  6:01  Refinery  
  69  6:02  SCV  
  71  6:07  Orbital Command  
  71  6:09  Siege Tank, SCV  
  75  6:14  SCV  
  75  6:15  Marine x5  
  81  6:21  SCV  
  80  6:26  SCV  
  80  6:29  Medivac x2  
  86  6:32  SCV  
  86  6:33  Refinery, Marine x2, SCV  
  86  6:35  Barracks Reactor x2  
  86  6:38  SCV  
  86  6:39  Marine x2  
  92  6:42  Supply Depot  
  92  6:44  SCV  
  92  6:45  SCV  
  94  6:47  Marine  
  94  6:50  Siege Tank  
  94  6:52  SCV  
  99  6:55  Supply Depot x2  
  99  6:57  Marine x2, Armory  
  101  7:04  SCV  
  101  7:07  Medivac  
  101  7:08  Marine x3  
  107  7:09  SCV x2  
  109  7:16  Marine x5  
  109  7:19  Supply Depot x2  
  109  7:22  Siege Tank  
  117  7:25  SCV  
  118  7:33  Marauder, Marine  
  118  7:34  Marine  
  118  7:36  Marine  
  122  7:38  Marine  
  122  7:39  Marine  
  123  7:46  Barracks  
  123  7:47  Barracks x2  
  123  7:49  Medivac  
  123  7:50  Medivac, Marine  
  123  7:51  Combat Shields, Marine x3  
  127  7:56  Marauder, Marine  
  127  7:58  Siege Tank  
  126  7:59  Marine x2  
  126  8:00  Marine  
  126  8:03  Terran Infantry Weapons Level 2  
  129  8:08  Marine x2  
  129  8:12  Marine  
  132  8:15  Refinery  
  132  8:18  Marauder, Marine x2  
  132  8:19  Marine x2  
  138  8:20  Terran Infantry Armor Level 2  
  138  8:24  Marine  
  138  8:26  Marine  
  140  8:34  Marine  
  133  8:45  Marauder, Marine x4  
  133  8:46  Marine x5  
  133  8:47  Marine  
  137  8:52  Medivac x2, Siege Tank  
  141  9:04  Supply Depot x2  
  141  9:08  SCV  
  141  9:10  Concussive Shells  
  141  9:11  Barracks Tech Lab x2  
  141  9:12  Barracks Tech Lab  
  141  9:16  Supply Depot  
  141  9:17  Supply Depot  
  141  9:25  Marine x8, SCV x2  
  141  9:26  Marauder  
  153  9:32  Marauder, Marine x2  
  153  9:34  Supply Depot  
  153  9:38  Medivac  
  159  9:42  Command Center  
  159  9:43  Marine x3  
  162  9:45  Marine  
  162  9:47  Marauder  
  162  9:50  Marauder x2  
  164  9:57  Marine  
  164  9:58  Marauder, Marine x3  
  167  10:01  Marine x2  
  160  10:08  Marauder  
  160  10:10  Marine  
  160  10:11  Marauder, Siege Tank  
  160  10:12  Marauder  
  156  10:19  Marauder, Marine  
  156  10:20  Marine x3  
  152  10:30  Marauder  
  152  10:33  Marauder  
  152  10:34  Marauder, Marine x4  
  153  10:37  Marine x2  
  153  10:39  Terran Infantry Armor Level 3  
  153  10:41  Marauder  
  157  10:45  Terran Infantry Weapons Level 3  
  157  10:51  Marauder, Marine  
  157  10:54  Marauder  
  163  10:57  Marauder  
  163  11:03  Marauder, Marine x2  
  167  11:06  Marine  
  168  11:12  Marauder  
  168  11:14  Marine  
  168  11:15  Marine x2  
  168  11:16  Marauder  
  168  11:17  Planetary Fortress  
  177  11:18  Marauder  
  177  11:24  Marauder  
  179  11:29  Marine  
  179  11:30  Marine  
  180  11:34  Marauder  
  180  11:37  Marauder  
  179  11:40  Marauder  
  179  11:43  Marine  
  179  11:46  Marauder  
  162  11:55  Marauder  
  162  11:57  Liberator x2  
  159  12:01  Marauder x2  
  153  12:09  Marauder, Marine  
  153  12:11  Siege Tank  
  153  12:12  Marine x7  
  168  12:18  Starport  
  168  12:19  Starport  
  168  12:27  Marauder x2, Marine  
  173  12:30  Marine  
  173  12:35  Command Center, Terran Ship Weapons Level 1  
  173  12:37  Marauder  
  176  12:43  Siege Tank  
  178  12:44  Liberator  
  178  12:45  Liberator x3, Marauder  
  178  12:48  Marauder  
  179  12:56  Marauder, Marine  
  180  12:58  Marauder, Marine  
  180  12:59  Marine  
  192  13:06  Marauder  
  194  13:13  Marauder  
  194  13:18  Marine x4  
  200  13:22  Command Center  
  200  13:23  Fusion Core  
  200  13:44  Ghost Academy  
  200  14:19  Marine x2  
  200  14:20  Marine  
  200  14:22  Supply Depot  
  198  14:26  Engineering Bay  
  198  14:27  Engineering Bay  
  198  14:28  Marine  
  193  14:48  Medivac x3  
  199  15:16  Supply Depot  
  199  15:22  Starport Reactor x2  
  199  15:23  Starport Tech Lab  
  199  15:25  Terran Ship Weapons Level 2  
  199  15:27  Missile Turret  
  199  15:37  Missile Turret  
  199  15:40  Missile Turret  
  199  15:42  Missile Turret  
  198  15:43  Missile Turret  
  198  15:47  Viking  
  198  15:48  Viking x2  
  176  15:59  Viking x2  
  176  16:03  Planetary Fortress  
  178  16:06  Marauder  
  178  16:11  Marauder, Marine  
  182  16:17  Medivac x2  
  180  16:21  Marauder x2, Marine  
  180  16:22  Marine x2  
  180  16:24  Medivac, Advanced Ballistics  
  188  16:27  Marauder  
  188  16:29  Medivac x2, Marine x3  
  188  16:32  Marauder  
  199  16:44  Marine  
  199  16:46  Missile Turret  
  200  16:47  Missile Turret  
  200  17:01  Marauder  
  200  17:07  Marauder  
  160  17:09  Marauder  
  160  17:10  Marauder  
  160  17:13  Marine  
  160  17:14  Marine  
  150  17:15  Siege Tank  
  150  17:16  Viking x2  
  150  17:17  Marine  
  150  17:18  Marine x5  
  150  17:22  Marauder  
  133  17:28  Marauder  
  133  17:29  Viking x3  
  131  17:30  Marauder  
  131  17:31  Marine x2  
  131  17:32  Marine  
  131  17:35  Marine  
  131  17:36  Marine x5  
  129  17:43  Marine  
  128  17:46  Viking x2  
  128  17:49  Marine x3  
  128  17:50  Marine  
  129  17:52  Marauder  
  129  17:53  Marine  
  129  17:54  Marine x3  
  135  17:59  Viking  
  135  18:01  Marauder  
  131  18:07  Marauder  
  131  18:08  Viking x2  
  131  18:10  Marine x2  
  122  18:16  Viking x2, Marine  
  127  18:25  Marauder  
  129  18:29  Marauder  
  129  18:32  Marine x2  
  133  18:37  Viking  
  135  18:46  Viking  
  137  18:49  Viking  
  138  19:00  Viking  
  121  19:08  Marauder, Marine x2  
  121  19:09  Marauder, Marine  
  128  19:12  Marine  
  129  19:23  Marine  
  129  19:24  Marauder  
  134  19:29  Marine  
  134  19:30  Marauder  
  136  19:32  Marine  
  136  19:34  Marine  
  136  19:37  Marauder, Marine  
  138  19:38  Marine  
  138  19:44  Ghost  
  141  19:52  Orbital Command  
Tags
 
Add a new tag
Caveats
  • Supply blocks, unpowered buildings, or Contaminate may cause inaccurate times.
  • Supply counts are checked every 10 seconds.